AoeStats
← Boost'Hate John
◆

Rage Forest 2026

500165447Analyzed
4v4 RM · 2mo ago on Aug 17, 2026· 38m 45s· 8 players
Game mode
Random Map
Map size
Large (8 player)
Population
200
Speed
Normal
Resources
Standard
Victory
Conquest
Starting age
Dark Age
Ending age
Dark Age
RankedLock teamsTeams togetherTeam positionsShared explorationLock speedFull tech treeHidden civsTurbo modeCheats
Victory
Defeat
🇮🇹 Lithuanians · Italy
1547
+8
🇦🇹 Italians · Austria
1439
+12
🇳🇴 Spanish · Norway
1339
+17
🇳🇴 Gurjaras · Norway
1276
+20
🇦🇷 Teutons · Argentina
1454
-18
🇫🇷 Celts · France
1331
-13
🇪🇸 Byzantines · Spain
1329
-13
🇹🇼 Huns · Taiwan
1310
-12
Horagalles
1:03 Loom
11:09 Feudal Age
14:52 Castle Age
12:58 Double-Bit Axe
16:59 Bow Saw
21:24 Horse Collar
29:01 Wheelbarrow
31:23 Imperial Age
30:26 Fletching
30:37 Padded Archer Armor
30:58 Ballistics
31:34 Bodkin Arrow
32:45 Thumb Ring
32:11 Elite Elephant Archer
34:03 Bracer
34:18 Leather Archer Armor
36:53 Conscription
37:53 Caravan
39:36 Chemistry
Basse
11:30 Feudal Age
15:00 Castle Age
13:42 Double-Bit Axe
16:31 Bow Saw
19:29 Fishing Lines
23:07 Gillnets
24:39 Gold Mining
24:39 Stone Mining
25:12 Scale Barding Armor
25:11 Padded Archer Armor
25:55 Stone Mining
26:41 Wheelbarrow
25:49 Horse Collar
31:05 Imperial Age
29:17 Stone Shaft Mining
29:11 Hand Cart
29:48 Ballistics
29:41 Masonry
29:53 Scale Barding Armor
29:58 Forging
31:30 Caravan
32:56 Chemistry
32:12 Leather Archer Armor
31:48 Fletching
32:25 Chain Barding Armor
32:41 Iron Casting
31:56 Fletching
32:07 Scale Mail Armor
32:39 Conscription
31:42 Light Cavalry
32:32 Bloodlines
32:22 Husbandry
31:46 Pikeman
32:28 Squires
32:13 Arson
32:34 Hussar
33:51 Plate Barding Armor
33:56 Ring Archer Armor
35:10 Bodkin Arrow
39:17 Blast Furnace
Mettiu
11:35 Feudal Age
15:23 Castle Age
14:54 Fishing Lines
15:57 Double-Bit Axe
16:22 Gillnets
17:10 Bow Saw
20:39 Wheelbarrow
19:50 Loom
21:48 Stone Mining
21:52 Gold Mining
27:38 Imperial Age
25:14 Gold Mining
25:41 Treadmill Crane
27:05 Scale Barding Armor
27:10 Forging
27:24 Hand Cart
26:55 Town Watch
28:23 Chain Barding Armor
27:41 Onager
28:43 Conscription
29:20 Iron Casting
28:27 Elite Leitis
30:04 Plate Barding Armor
31:08 Caravan
31:38 Coinage
31:22 Masonry
32:12 Chemistry
31:03 Fletching
31:34 Ballistics
31:51 Hoardings
30:58 Horse Collar
32:03 Bodkin Arrow
32:40 Architecture
34:43 Padded Archer Armor
38:01 Leather Archer Armor
38:14 Bombard Tower
37:57 Bracer
Der Klabautermann
10:13 Feudal Age
14:07 Castle Age
12:07 Double-Bit Axe
13:38 Town Watch
14:23 Fletching
17:07 Bodkin Arrow
21:12 Horse Collar
26:43 Imperial Age
27:06 Bow Saw
27:33 Bracer
29:56 Chemistry
30:55 Ballistics
34:44 Conscription
34:25 Padded Archer Armor
37:14 Leather Archer Armor
38:20 Thumb Ring
Boost'Hate John
1:03 Loom
11:38 Feudal Age
15:17 Castle Age
13:34 Double-Bit Axe
14:23 Fishing Lines
16:44 Bow Saw
22:47 Fortified Wall
24:28 Wheelbarrow
29:56 Imperial Age
28:03 Scale Mail Armor
28:58 Masonry
28:22 Pikeman
30:09 Chain Mail Armor
30:12 Halberdier
31:40 Plate Mail Armor
31:19 Onager
34:52 Forging
35:30 Siege Engineers
37:34 Siege Engineers
37:17 Horse Collar
38:53 Iron Casting
King Gabb
0:36 Loom
10:56 Feudal Age
15:10 Castle Age
13:55 Double-Bit Axe
14:21 Gold Mining
14:34 Fishing Lines
16:24 Stone Mining
21:01 Gillnets
24:29 Bow Saw
27:45 Imperial Age
26:20 Bow Saw
27:29 Gold Shaft Mining
27:55 Padded Archer Armor
30:24 Chemistry
30:16 Leather Archer Armor
33:15 Ring Archer Armor
34:20 Wheelbarrow
37:03 Two-Man Saw
35:51 Horse Collar
37:41 Heavy Plow
38:38 Conscription
Aldeano
7:08 Loom
11:20 Feudal Age
12:13 Double-Bit Axe
12:15 Horse Collar
14:51 Castle Age
15:53 Bow Saw
15:48 Heavy Plow
17:57 Wheelbarrow
23:28 Hand Cart
28:06 Imperial Age
26:26 Town Watch
26:32 Gold Mining
26:33 Stone Mining
27:22 Scale Mail Armor
27:32 Forging
27:01 Pikeman
27:43 Squires
28:49 Chain Mail Armor
29:08 Siege Engineers
28:25 Halberdier
28:38 Onager
29:21 Arson
30:21 Iron Casting
30:17 Plate Mail Armor
30:26 Ironclad
30:37 Conscription
32:02 Blast Furnace
31:06 Siege Onager
32:26 Town Patrol
33:40 Chemistry
32:54 Masonry
33:09 Ballistics
33:43 Coinage
33:16 Caravan
38:07 Banking
39:14 Fortified Wall
38:56 Fletching
chiu_sharon
5:48 Loom
10:47 Feudal Age
15:33 Castle Age
13:56 Double-Bit Axe
14:20 Horse Collar
16:52 Bow Saw
24:53 Wheelbarrow
28:41 Imperial Age
27:17 Forging
27:12 Scale Barding Armor
27:15 Heavy Plow
27:39 Husbandry
28:05 Bloodlines
28:40 Iron Casting
28:57 Hand Cart
29:19 Chain Barding Armor
29:32 Gold Mining
29:32 Cavalier
31:58 Blast Furnace
31:44 Plate Barding Armor
31:10 Scale Mail Armor
30:36 Pikeman
31:17 Squires
32:43 Stone Mining
33:05 Padded Archer Armor
32:55 Fletching
33:46 Elite Skirmisher
Connection lost

Rejoining the realm…

Still unreachable

The connection could not be restored.

Session expired

The server has moved on; the page needs a fresh start.